 Dungeon Crawl Stone Soup version 0.30-a0-726-gd89dcf765f (webtiles) character file.

Game seed: 8277080327397311113

2551 timneilson the Covered (level 9, -1/55 HPs)
             Began as a Gargoyle Fighter on Jan 29, 2023.
             Was a Priest of Okawaru.
             Slain by a gnoll sergeant
             ... wielding a +5 spear
              (4 damage)
             ... on level 7 of the Dungeon.
             The game lasted 00:12:07 (5038 turns).

timneilson the Covered (Gargoyle Fighter)           Turns: 5038, Time: 00:12:07

Health: -1/55      AC: 23    Str: 24    XL:     9   Next: 56%
Magic:  11/11      EV:  9    Int:  9    God:    Okawaru [***...]
Gold:   384        SH:  7    Dex: 15    Spells: 8/8 levels left

rFire   + . .      SeeInvis .    a - +1 long sword
rCold   + . .      Faith    .    c - +1 buckler
rNeg    + . .      Spirit   .    g - +0 chain mail
rPois   ∞          Reflect  .    s - +0 helmet
rElec   +          Harm     .    h - +0 cloak
rCorr   .          Rampage  .    j - +2 pair of gloves
Will    .....                    (no boots) Stlth
                                 (no amulet)
HPRegen 0.29/turn                q - +6 ring of dexterity
MPRegen 0.12/turn                t - ring of Twilight {rPois rF+ rC+}

@: mighty, on berserk cooldown, slowed, very slow
A: sickness immunity, AC +6, negative energy resistance 1, electricity
resistance, torment resistance 1, petrification resistance
a: Renounce Religion, Heroism


You were on level 7 of the Dungeon.
You worshipped Okawaru.
Okawaru was most pleased with you.
You visited 2 branches of the dungeon, and saw 8 of its levels.

You collected 384 gold pieces.

Inventory:

Hand Weapons
 a - a +1 long sword (weapon)
Missiles
 f - 2 throwing nets (quivered)
Armour
 c - a +1 buckler (worn)
 g - a +0 chain mail (worn)
 h - a +0 cloak (worn)
 j - a +2 pair of gloves (worn)
 s - a +0 helmet (worn)
Jewellery
 q - a +6 ring of dexterity (left hand)
 t - the ring of Twilight (right hand) {rPois rF+ rC+}
   (You found it on level 4 of the Dungeon)

   [ring of protection from fire]

   rF:        It protects you from fire.
   rC:        It protects you from cold.
   rPois:     It protects you from poison.
Wands
 u - a wand of mindburst (14)
 w - a wand of flame (26)
Scrolls
 e - a scroll of noise
 m - a scroll of fog
 x - a scroll of teleportation {unknown}
 y - a scroll of identify
Potions
 b - a potion of heal wounds
 d - 3 potions of brilliance
 i - 2 potions of curing
 k - 2 potions of degeneration {unknown}
 l - 3 potions of mutation
 n - a potion of cancellation {unknown}
 o - 2 potions of resistance {unknown}
 p - a potion of berserk rage
 r - a potion of invisibility {unknown}


   Skills:
 + Level 5.6 Fighting
 * Level 5.7 Long Blades
 * Level 7.4 Armour
 + Level 3.2 Dodging
 * Level 7.3 Shields
 + Level 3.6 Invocations
 + Level 1.0 Evocations


You had 8 spell levels left.
You didn't know any spells.
Your spell library contained the following spells:

 Spells                   Type           Power      Damage    Failure   Level
 Apportation              Tloc           0%         N/A       97%         1
 Magic Dart               Conj           0%         1d3       97%         1
 Necrotise                Necr           0%         1d4       97%         1
 Slow                     Hex            0%         N/A       97%         1
 Confusing Touch          Hex            0%         N/A       100%        3
 Dazzling Flash           Conj/Hex       0%         N/A       100%        3
 Mephitic Cloud           Conj/Pois/Air  0%         N/A       100%        3
 Vampiric Draining        Necr           0%         2d6       100%        3
 Iskenderun's Mystic Bla  Conj/Tloc      0%         2d3       100%        4
 Starburst                Conj/Fire      0%         6d3       100%        6
 Summon Small Mammal      Summ           Unusable   N/A       N/A         1
 Call Imp                 Summ           Unusable   N/A       N/A         2

Dungeon Overview and Level Annotations

Branches:
Dungeon (7/15)             Temple (1/1) D:4

Altars:
Ashenzari
Cheibriados
Dithmenos
Elyvilon
Fedhas
Gozag
Hepliaklqana
Kikubaaqudgha
Makhleb
Okawaru
Ru
Sif Muna
Trog
Uskayaw
Vehumet
Wu Jian
Xom
Yredelemnul
Zin
The Shining One

Annotations:
D:3 3 runed translucent doors, yumyumyeen's ghost, amateur GnHu


Innate Abilities, Weirdness & Mutations

You are immune to sickness and miasma.
Your stone body is resilient. (AC +6)
You are immune to poison.
You resist negative energy. (rN+)
You are resistant to electric shocks. (rElec)
You are resistant to unholy torment.
You are immune to petrification.


Message History

You hit the gnoll.
The gnoll is heavily wounded.
You slash the gnoll!
You kill the gnoll!
Okawaru accepts your kill. The orc barely misses you.
The gnoll sergeant barely misses you.
You slash the orc!
You kill the orc!
Okawaru accepts your kill.
You feel like a meek peon again. The orc barely misses you.
The gnoll hits you but does no damage.
The gnoll sergeant hits you but does no damage.
Items here: ))))) = [ †††.
You hit the gnoll sergeant.
The gnoll sergeant is moderately wounded.
You hear the steady creaking of a very distant portcullis.
The orc hits you with a +0 trident. The gnoll closely misses you. x2
The gnoll sergeant hits you with a +5 spear.
You hit the gnoll sergeant.
The gnoll sergeant is heavily wounded.
You are no longer berserk.
You are exhausted.
You feel yourself slow down. The orc hits you with a +0 trident.
The gnoll hits you but does no damage. x2
The gnoll sergeant hits you with a +5 spear.
* * * LOW HITPOINT WARNING * * *
You hit the gnoll sergeant.
The gnoll sergeant is severely wounded.
The orc hits you with a +0 trident.
* * * LOW HITPOINT WARNING * * *
The gnoll hits you with a +0 flail.
* * * LOW HITPOINT WARNING * * *
The gnoll barely misses you.
The gnoll sergeant hits you but does no damage.
You barely miss the gnoll sergeant.
The gnoll sergeant is severely wounded.
You block the orc's attack. The gnoll hits you but does no damage.
You block the gnoll's attack.
The gnoll sergeant hits you with a +5 spear.
You die...

,....####..g.......,*
*,,,,,,,,, *#****
###......##** *****,,***
#.###### **,*
####'######## *,***
#...........# *,,,,
#...........# ****,***
#......go5..# *,,,,,,,
####...oogg## #.#*,***
######@#########.#,,,,.
**#######.# #........,>,,,
*,........###.#####.#***,*
*,..........#.#.#....,,,,*
*,..............#.#.#***,*
**#####...#.#.#.#.#.# ***
#...#.#.#.#.#.######
#...#.#.#.#.........
#...#.#.#.###.####..


You could see a gnoll sergeant, an orc priest, 2 gnolls, a shadow imp and 2
orcs.

Vanquished Creatures
  A hornet (D:7)
  Sigmund (D:2)
  Edmund (D:5)
  A water moccasin (D:6)
  3 ice beasts
  2 black bears
  A centaur (D:7)
  A phantom (D:6)
  A bullfrog (D:7)
  2 necrophages (D:6)
  3 scorpions
  3 wights (D:6)
  3 howler monkeys (D:6)
  A jelly (D:5)
  3 orc priests
  5 hounds
  6 iguanas
  3 orc wizards
  Terence (D:2)
  2 gnolls (D:7)
  6 adders
  A shadow imp (D:6)
  3 white imps
  4 worms
  A dart slug (D:3)
  9 orcs
  4 bats
  5 endoplasms
  5 giant cockroaches
  8 goblins
  4 hobgoblins
  7 jackals (D:3)
  7 kobolds
  5 quokkas
  6 ball pythons
  3 frilled lizards
  4 rats
126 creatures vanquished.

Notes
Turn   | Place    | Note
-------+----------+-------------------------------------------
     0 | D:1      | timneilson the Gargoyle Fighter began the quest for the
                  | Orb.
     0 | D:1      | Reached XP level 1. HP: 14/14 MP: 1/1
   142 | D:1      | Reached XP level 2. HP: 19/19 MP: 2/2
   159 | D:1      | Found a faded altar of an unknown god.
   625 | D:2      | Noticed Terence
   638 | D:2      | Killed Terence
   639 | D:2      | Reached XP level 3. HP: 21/23 MP: 3/3
   960 | D:2      | Noticed Sigmund
   964 | D:2      | Reached XP level 4. HP: 28/28 MP: 4/4
   977 | D:2      | Killed Sigmund
   978 | D:2      | Reached skill level 1 in Dodging
   978 | D:2      | Reached XP level 5. HP: 29/33 MP: 5/5
   993 | D:2      | Reached XP level 6. HP: 38/38 MP: 6/6
  1018 | D:2      | Identified the +5 short sword "Killer Bee's Peril" {heavy,
                  | Str+3 Int+2}
  1370 | D:3      | Found a runed translucent gate.
  1372 | D:3      | Found a runed translucent gate.
  1372 | D:3      | Found a runed translucent gate.
  1376 | D:3      | Noticed yumyumyeen's ghost (amateur GnHu)
  1714 | D:3      | Noticed a black bear
  1988 | D:3      | You fall into a shaft and drop 1 floor!
  2021 | D:4      | Found an opulent altar of Gozag.
  2053 | D:4      | Found a staircase to the Ecumenical Temple.
  2058 | Temple   | Entered the Ecumenical Temple
  2066 | Temple   | Became a worshipper of Warmaster Okawaru
  2238 | D:4      | Found a broken altar of Ashenzari.
  2270 | D:4      | Identified the ring of Twilight {rPois rF+ rC+}
  2838 | D:5      | Entered Level 5 of the Dungeon
  2894 | D:5      | Noticed an ice beast
  3010 | D:5      | Noticed a black bear
  3021 | D:4      | Reached skill level 5 in Armour
  3021 | D:4      | Reached skill level 5 in Shields
  3039 | D:4      | Reached XP level 7. HP: 35/43 MP: 7/7
  3083 | D:4      | Reached skill level 1 in Invocations
  3249 | D:5      | Reached * piety under Okawaru
  3340 | D:5      | Reached XP level 8. HP: 48/48 MP: 9/9
  3990 | D:6      | Reached skill level 5 in Fighting
  4078 | D:6      | Reached ** piety under Okawaru
  4098 | D:6      | Reached skill level 5 in Long Blades
  4158 | D:6      | Reached XP level 9. HP: 51/54 MP: 11/11
  4224 | D:6      | Noticed Edmund
  4259 | D:5      | Killed Edmund
  4670 | D:7      | Noticed a hornet
  4712 | D:7      | Killed a hornet
  4712 | D:7      | Reached *** piety under Okawaru
  5023 | D:7      | Reached skill level 1 in Evocations
  5037 | D:7      | HP: 2/55 [gnoll/+0 flail[a gnoll sergeant] (6)]
  5038 | D:7      | Slain by a gnoll sergeant

Illustrated notes

Levels and vault maps discovered:
D:1:      dpeg_arrival_signposts, layout_basic,
          shapermc_ecumenical_altar_pompeii
D:2:      minmay_door_path, layout_rooms, minmay_quantized, uniq_terence,
          uniq_sigmund
D:3:      layout_loops_corners, gammafunk_ghost_necromancy, grunt_ministairs_3,
          lightli_corner_chamber
D:4:      layout_gridville, old_standard_altar, kennysheep_little_box,
          minmay_temple_entry_arrows
D:5:      layout_rooms
D:6:      layout_rooms, uniq_edmund
D:7:      layout_basic, enter_bailey_3
Temple:   regret_index_temple_mists

Skill      XL: |  1  2  3  4  5  6  7  8  9 |
---------------+----------------------------+-----
Long Blades    | 2 3 4 5 |  5.7
Armour         | 4 5 6 7 |  7.4
Dodging        | 1 2 3 |  3.2
Shields        | 4 5 6 7 |  7.3
Fighting       | 4 5 |  5.6
Invocations    | 1 3 |  3.6
Evocations     | 1 |  1.0

Action                     |  1- 3 |  4- 6 |  7- 9 || total
---------------------------+-------+-------+-------++-------
  Melee: Long sword        |    84 |   196 |   407 ||   687
 Invoke: Heroism           |       |       |     1 ||     1
  Evoke: Wand              |       |       |     1 ||     1
    Use: Scroll            |     2 |     8 |     2 ||    12
         Potion            |     1 |     1 |     4 ||     6
 Armour: Scale mail        |    29 |       |       ||    29
         Chain mail        |    19 |   156 |   293 ||   468
  Dodge: Dodged            |    48 |    86 |   177 ||   311
  Block: Buckler           |    14 |    74 |   151 ||   239

Table legend: (Time is in decaauts)
 A = Elapsed time spent in this place.
 B = Non-inter-level travel time spent in this place.
 C = Inter-level travel time spent in this place.
 D = Time resting spent in this place.
 E = Time spent auto-exploring this place.
 F = Levels seen in this place.
 G = Mean time per level.
                   A        B        C        D        E       F      G
               +--------+--------+--------+--------+--------+-----+--------+
         Total |   5240 |   5106 |    134 |    331 |   3127 |   8 |  655.0 |
       Dungeon |   5053 |   4952 |    101 |    331 |   3003 |   7 |  721.9 |
        Temple |    187 |    154 |     33 |      0 |    124 |   1 |  187.0 |
               +--------+--------+--------+--------+--------+-----+--------+

Top non-repeatable levels by time:
     D:4: 961 daAuts
     D:5: 930 daAuts
     D:3: 848 daAuts
     D:6: 701 daAuts
     D:2: 606 daAuts
     D:1: 596 daAuts
     D:7: 408 daAuts
  Temple: 187 daAuts
